 Dungeon Crawl Stone Soup version 0.31-a0-232-gb1c03b2570 (webtiles) character file.

Game seed: 6285702944424657427

41614 sanka the Destroyer (level 13, -5/118 HPs)
             Began as a Demigod Conjurer on July 7, 2023.
             Slain by a skyshark (21 damage)
             ... on level 4 of the Lair of Beasts.
             The game lasted 00:48:12 (20745 turns).

sanka the Destroyer (Demigod Conjurer)             Turns: 20745, Time: 00:48:12

Health: -5/118     AC:  8    Str:  8    XL:     13   Next: 45%
Magic:  17/27      EV: 16    Int: 36    God:
Gold:   941        SH:  0    Dex: 12    Spells: 12/26 levels left

rFire   . . .        b - staff of conjuration {!a}
rCold   . . .        (no shield)
rNeg    . . .        F - +0 troll leather armour
rPois   .            z - +0 helmet {SInv}
rElec   .            u - +0 cloak
rCorr   .            T - +0 pair of gloves
SInv    +            e - +0 pair of boots
Will    +....        n - amulet of magic regeneration
Stlth   ++           (no ring)
HPRegen 1.19/turn    (no ring)
MPRegen 0.60/turn

%: no passive effects
@: about to teleport
A: high MP 1, forlorn, divine attributes
a: no special abilities


You were on level 4 of the Lair of Beasts.
You visited 2 branches of the dungeon, and saw 17 of its levels.

You collected 1045 gold pieces.
You spent 104 gold pieces at shops.


Innate Abilities, Weirdness & Mutations

You have an increased reservoir of magic. (+10% MP)
You shall have no god before yourself.
Your divine heritage dramatically boosts your attributes as you level up.


   Skills:
 - Level 12.0 Fighting
 - Level 12.0 Dodging
 - Level 1.7 Stealth
 - Level 7.0 Spellcasting
 + Level 13.5 Conjurations


You had 12 spell levels left.
You knew the following spells:

 Your Spells              Type           Power      Damage    Failure   Level
c - Iskenderun's Mystic   Conj/Tloc      75%        2d15      2%          4
v - Stone Arrow           Conj/Erth      100%       3d13      1%          3
x - Searing Ray           Conj           100%       2d8       1%          2
z - Magic Dart            Conj           100%       1d8       1%          1
Z - Fulminant Prism       Conj/Hex       37%        3d17      2%          4

Your spell library contained the following spells:

 Spells                   Type           Power      Damage    Failure   Level
 Shock                    Conj/Air       100%       1d9       1%          1
 Static Discharge         Conj/Air       100%       2-7/arc   1%          2
 Dazzling Flash           Conj/Hex       100%       N/A       1%          3
 Hailstorm                Conj/Ice       75%        3d15      1%          3
 Mephitic Cloud           Conj/Pois/Air  61%        N/A       2%          3
 Apportation              Tloc           24%        N/A       4%          1
 Slow                     Hex            48%        N/A       4%          1
 Blink                    Tloc           24%        N/A       7%          2
 Call Imp                 Summ           24%        N/A       7%          2
 Cigotuvi's Dreadful Rot  Necr/Pois/Air  24%        N/A       7%          2
 Lesser Beckoning         Tloc           24%        N/A       7%          2
 Call Canine Familiar     Summ           12%        N/A       14%         3
 Confusing Touch          Hex            12%        N/A       14%         3
 Gell's Gravitas          Tloc           12%        N/A       14%         3
 Ignite Poison            Fire/Tmut/Pois 12%        N/A       14%         3
 Ozocubu's Armour         Ice            12%        N/A       14%         3
 Swiftness                Air            12%        N/A       14%         3
 Teleport Other           Tloc           12%        N/A       14%         3
 Vampiric Draining        Necr           12%        2d6       14%         3
 Airstrike                Air            6%         2d(1-17)  41%         4
 Animate Armour           Summ/Erth      24%        N/A       41%         4
 Dispel Undead            Necr           12%        3d9       41%         4
 Ice Form                 Ice/Tmut       12%        N/A       41%         4
 Summon Lightning Spire   Summ/Air       12%        N/A       41%         4
 Agony                    Necr           12%        N/A       77%         5
 Metabolic Englaciation   Hex/Ice        6%         N/A       77%         5
 Silence                  Hex/Air        6%         N/A       77%         5
 Summon Mana Viper        Hex/Summ       12%        N/A       77%         5
 Death Channel            Necr           6%         N/A       100%        6
 Simulacrum               Ice/Necr       6%         N/A       100%        6
 Haunt                    Necr/Summ      6%         N/A       100%        7
 Ozocubu's Refrigeration  Ice            6%         4d8       100%        7
 Lehudib's Crystal Spear  Conj/Erth      37%        10d9      100%        8
 Polar Vortex             Ice            6%         N/A       100%        9

Inventory:

Hand Weapons
 a - a +3 great sword
Armour
 e - a +0 pair of boots (worn)
 u - a +0 cloak (worn)
 z - a +0 helmet of see invisible (worn)
 A - a +2 robe of cold resistance
 E - a +2 robe of fire resistance
 F - a +0 troll leather armour (worn)
 J - +0 acid dragon scales
 S - +0 swamp dragon scales
 T - a +0 pair of gloves (worn)
Magical Staves
 b - a staff of conjuration (weapon) {!a}
Jewellery
 n - an amulet of magic regeneration (around neck)
 r - an amulet of regeneration
Wands
 l - a wand of flame (30)
 w - a wand of iceblast (1)
 H - a wand of quicksilver (2)
 M - a wand of charming (11)
Scrolls
 f - 2 scrolls of revelation
 i - a scroll of torment {unknown}
 k - 3 scrolls of noise {!r}
 m - a scroll of fear
 o - a scroll of butterflies
 q - 3 scrolls of silence {!r}
 s - 2 scrolls of blinking
 x - 3 scrolls of vulnerability {!r}
 y - 2 scrolls of immolation {!r}
 D - 2 scrolls of enchant armour
 G - 4 scrolls of teleportation {@r4}
 I - a scroll of amnesia
 L - a scroll of enchant weapon {unknown}
 O - a scroll of fog
 Q - a scroll of poison {unknown}
 R - a scroll of acquirement {unknown}
Potions
 c - a potion of brilliance {unknown}
 d - 4 potions of curing {@q1}
 g - 4 potions of mutation {unknown}
 h - 4 potions of ambrosia {unknown}
 j - a potion of magic
 p - 5 potions of might
 t - a potion of invisibility {unknown}
 v - 2 potions of lignification {!q}
 B - 3 potions of heal wounds {unknown}
 C - a potion of attraction {unknown}
 N - a potion of enlightenment {unknown}
 P - a potion of haste {@q3}
Miscellaneous
 K - a condenser vane

Dungeon Overview and Level Annotations

Branches:
Dungeon (12/15)            Temple (0/1) D:6            Lair (5/5) D:8
 Shoals (0/4) Lair:3        Snake (0/4) Lair:2        Slime (0/5) Lair:4
    Orc (0/2) D:9

Shops:
D:8 ?   D:12 :

Annotations:
Lair:5 exclusion: oklob plant

▒▒.......#...▒▒ ▒▒..▒
▒▒..........#▒ ▒P..▒
▒...........F▒ ▒..▒▒
▒▒▒▒▒..▒▒▒.>.▒ ▒▒▒..▒
▒▒▒▒▒▒..▒▒ ▒▒▒....▒ ▒▒#.†.▒
▒▒▒......▒▒
▒.▒.Y.▒▒▒▒▒.........▒
▒▒..l.▒▒.....▒▒▒▒..P▒
▒..p.▒....▒▒▒ ▒..... ▒▒▒
▒..........▒▒ ▒▒▒..▒
▒.▒▒▒▒▒▒...........▒▒▒ ▒...
▒▒.▒▒.......▒......^..▒▒▒▒..
▒▒▒▒▒..[...▒▒....▒.......▒.▒
▒..
▒▒..▒....▒.▒▒.▒...▒▒▒......▒▒
▒▒.
▒.....▒▒▒▒▒▒▒▒....▒▒▒▒▒.....▒▒
▒. ...▒▒▒▒▒▒▒
▒▒....▒f.▒▒.....▒▒▒.
..f..▒▒..▒▒▒
▒.▒......▒▒▒▒▒...▒▒▒


You could see a death yak, a skyshark (berserk) and a blink frog (fleeing).


Message History

The mystic blast hits the death yak!!
The death yak is moderately wounded.
The death yak is knocked back by the mystic blast.
The death yak slams into the rock wall!
The death yak is heavily wounded.
The mystic blast hits the skyshark.
The skyshark is moderately wounded.
The skyshark is knocked back by the mystic blast.
The blink frog blinks!
Unknown command.
The blink frog blinks!
The skyshark bites you!
* * * LOW HITPOINT WARNING * * *
The skyshark tail-slaps you but does no damage.
The skyshark completely misses you.
The blink frog blinks!
You erupt in a blast of force!
The mystic blast hits the death yak!
The death yak is severely wounded.
The death yak is knocked back by the mystic blast.
The mystic blast hits the skyshark!
The skyshark is moderately wounded.
The skyshark is knocked back by the mystic blast.
The blink frog blinks!
Unknown command.
As you read the scroll of teleportation {@r4}, it crumbles to dust.
You feel strangely unstable.
The blink frog blinks!
The skyshark bites you!!
You die...

Action                     |  1- 3 |  4- 6 |  7- 9 | 10-12 | 13-15 || total
---------------------------+-------+-------+-------+-------+-------++-------
  Melee: Unarmed           |    10 |       |       |       |       ||    10
         Long sword        |     7 |     2 |       |       |       ||     9
         Trident           |       |    10 |     4 |       |       ||    14
         Dire flail        |       |       |    44 |    56 |       ||   100
         Staff             |       |       |       |     6 |       ||     6
         Great sword       |       |       |       |     3 |    19 ||    22
   Fire: Sling             |       |       |    10 |       |       ||    10
   Cast: Magic Dart        |    59 |    61 |   103 |    23 |       ||   246
         Searing Ray       |       |    25 |    43 |     6 |       ||    74
         Fulminant Prism   |       |       |    18 |    65 |    18 ||   101
         Iskenderun's Myst |       |       |    10 |     4 |    14 ||    28
         Stone Arrow       |       |       |       |   324 |    70 ||   394
  Evoke: Wand              |     1 |       |       |     4 |       ||     5
    Use: Scroll            |     2 |     1 |     4 |     5 |     2 ||    14
         Potion            |     2 |       |       |     1 |       ||     3
   Stab: Sleeping          |       |       |     1 |       |       ||     1
         Petrified         |       |       |       |       |     3 ||     3
 Armour: Skin              |    12 |       |       |       |       ||    12
         Robe              |       |     2 |    27 |    27 |       ||    56
         Acid dragon scale |       |       |       |     3 |       ||     3
         Troll leather arm |       |       |       |    10 |    19 ||    29
  Dodge: Dodged            |    14 |    21 |    81 |   155 |   107 ||   378

Levels and vault maps discovered:
D:1:      co_arrival_square_in_a_square_in_a_square, layout_basic,
          kennysheep_doodads
D:2:      layout_basic, dk_noncrumbling_2, grunt_ministairs_10,
          chequers_serial_rivers_room_b, hex_large, uniq_terence
D:3:      layout_basic, shapermc_ecumenical_altar_pompeii
D:4:      layout_gridville, grunt_ministairs_8, st_stairs_13,
          nicolae_twisty_statue_hallways
D:5:      layout_cave_pools, small_statue_alley_b, minmay_strange_pillars,
          kennysheep_generic_room_5
D:6:      layout_basic, mainiacjoe_overflow_paths, minmay_temple_entry_grid,
          minmay_misc_feat_nine_boxes, uniq_blork_the_orc
D:7:      layout_cave_pools, uniq_menkaure
D:8:      layout_basic, david_lair_shrubbed, serial_shops,
          nicolae_shop_tiny_statue_garden
D:9:      layout_layer_cave, evilmike_ruin_ashenzari,
          kennysheep_orc_monster_closet_entryway
D:10:     layout_layer_cave, nicolae_overflow_macrodata_refinement,
          chequers_temple_overflow_statue_of_worship, kiku_gazebo_pond_becter,
          uniq_maurice
D:11:     layout_loops_ring
D:12:     layout_long_grid, serial_shops, nicolae_stop_n_shop_2
Lair:1:   layout_roguey, grunt_megastairs_5
Lair:2:   layout_cellular_growth, dummy_snake_entry, amcnicky_mini_pool_medium,
          infiniplex_staircase_pool_2
Lair:3:   pond_and_an_island_with_a_cottage, layout_cave_pods,
          elwin_shoals_entry_rooms
Lair:4:   nzn_motion_control, layout_cave_pods, minmay_slime_entry_pillars
Lair:5:   hangedman_lair_tendril_chambers, layout_misc_corridors

Notes
Turn   | Place    | Note
-------+----------+-------------------------------------------
     0 | D:1      | sanka the Demigod Conjurer began the quest for the Orb.
     0 | D:1      | Reached XP level 1. HP: 14/14 MP: 5/5
    73 | D:1      | Reached skill level 2 in Spellcasting
   527 | D:1      | Reached skill level 4 in Conjurations
   527 | D:1      | Reached XP level 2. HP: 20/20 MP: 4/7
   578 | D:1      | Learned a level 2 spell: Searing Ray
   977 | D:2      | Identified the +1 hand axe "Qoshraro" {venom, Fragile rPois
                  | rCorr Dex+4}
  1199 | D:2      | Noticed Terence
  1240 | D:2      | Killed Terence
  1241 | D:2      | Reached XP level 3. HP: 23/26 MP: 8/8
  1877 | D:3      | Reached skill level 5 in Conjurations
  2049 | D:3      | HP: 2/26 [orc priest/+0 hand axe (3)]
  2051 | D:3      | Reached XP level 4. HP: 3/33 MP: 2/9
  3089 | D:4      | Reached skill level 6 in Conjurations
  3089 | D:4      | Reached XP level 5. HP: 22/38 MP: 6/10
  3102 | D:4      | Reached skill level 1 in Fighting
  3219 | D:4      | Reached skill level 2 in Fighting
  3572 | D:4      | Reached skill level 3 in Fighting
  3572 | D:4      | Reached XP level 6. HP: 51/51 MP: 3/12
  4463 | D:4      | Reached skill level 3 in Spellcasting
  4494 | D:4      | Reached XP level 7. HP: 57/57 MP: 10/15
  4619 | D:5      | Entered Level 5 of the Dungeon
  4758 | D:5      | Noticed a two-headed ogre
  4759 | D:5      | Identified the +3 sling of Traps {freeze, rN+++ Int-2}
  5044 | D:4      | Reached skill level 7 in Conjurations
  5045 | D:4      | Reached skill level 4 in Spellcasting
  5896 | D:6      | Reached XP level 8. HP: 62/63 MP: 7/18
  5912 | D:6      | Reached skill level 5 in Spellcasting
  5912 | D:6      | Reached skill level 8 in Conjurations
  6473 | D:6      | Reached skill level 9 in Conjurations
  6487 | D:6      | Noticed Blork the orc
  6529 | D:6      | Killed Blork the orc
  7036 | D:6      | Found a staircase to the Ecumenical Temple.
  7136 | D:6      | Learned a level 4 spell: Fulminant Prism
  7141 | D:6      | Learned a level 4 spell: Iskenderun's Mystic Blast
  7256 | D:7      | Reached XP level 9. HP: 14/69 MP: 1/21
  7371 | D:7      | Reached skill level 10 in Conjurations
  7567 | D:7      | Noticed Menkaure
  7580 | D:7      | Killed Menkaure
  7630 | D:7      | Reached skill level 6 in Spellcasting
  8103 | D:8      | Noticed a two-headed ogre
  8110 | D:8      | Reached skill level 11 in Conjurations
  8112 | D:8      | Killed a two-headed ogre
  8113 | D:8      | Reached skill level 12 in Conjurations
  8576 | D:8      | Noticed a gargoyle
  8584 | D:8      | Killed a gargoyle
  8585 | D:8      | Reached skill level 4 in Fighting
  8585 | D:8      | Reached XP level 10. HP: 42/80 MP: 10/22
  8766 | D:8      | Found Dorigaocea's Magic Scroll Boutique.
  9176 | D:8      | Found a staircase to the Lair.
  9191 | D:8      | Reached skill level 5 in Fighting
  9191 | D:8      | Reached skill level 2 in Dodging
  9223 | D:8      | Learned a level 3 spell: Stone Arrow
  9725 | D:9      | Reached skill level 3 in Dodging
 10004 | D:9      | Reached skill level 6 in Fighting
 10034 | D:9      | Reached skill level 4 in Dodging
 10112 | D:9      | Noticed a two-headed ogre
 10118 | D:9      | Killed a two-headed ogre
 10369 | D:9      | Reached skill level 5 in Dodging
 10503 | D:9      | Reached skill level 7 in Fighting
 10931 | D:9      | Found a staircase to the Orcish Mines.
 11621 | D:5      | Killed a two-headed ogre
 11708 | D:10     | Entered Level 10 of the Dungeon
 11712 | D:10     | Got the Reference Book on the Blistering Map
 11842 | D:10     | Reached XP level 11. HP: 92/92 MP: 15/24
 11844 | D:10     | Reached skill level 6 in Dodging
 11896 | D:12     | Found Jioczamah's Book Shoppe.
 12240 | D:12     | Noticed a boulder beetle
 12256 | D:12     | Reached skill level 8 in Fighting
 12284 | D:12     | Killed a boulder beetle
 12416 | D:12     | Identified +0 acid dragon scales
 12937 | D:12     | Reached skill level 7 in Dodging
 13712 | D:11     | Identified +0 acid dragon scales
 14160 | D:10     | Reached skill level 9 in Fighting
 14802 | D:10     | Noticed Maurice
 14810 | D:10     | Killed Maurice
 14811 | D:10     | Reached skill level 8 in Dodging
 15138 | Lair:1   | Entered Level 1 of the Lair of Beasts
 15250 | D:8      | Bought a scroll of identify for 26 gold pieces
 15250 | D:8      | Bought a scroll of fog for 52 gold pieces
 15250 | D:8      | Bought a scroll of identify for 26 gold pieces
 15616 | Lair:1   | Reached skill level 10 in Fighting
 15620 | Lair:1   | Reached skill level 9 in Dodging
 15903 | Lair:1   | Reached XP level 12. HP: 106/106 MP: 21/25
 17061 | Lair:2   | Noticed an eight-headed hydra
 17072 | Lair:2   | Killed an eight-headed hydra
 17073 | Lair:2   | Reached skill level 11 in Fighting
 17073 | Lair:2   | Reached skill level 10 in Dodging
 17463 | Lair:2   | Found a staircase to the Snake Pit.
 17683 | Lair:2   | Noticed a catoblepas
 17747 | Lair:2   | Killed a catoblepas
 17823 | Lair:2   | Got the Atlas of Algor and Phantasms
 18209 | Lair:3   | Identified +0 swamp dragon scales
 18365 | Lair:3   | Found a staircase to the Shoals.
 18374 | Lair:3   | Reached skill level 11 in Dodging
 18614 | Lair:3   | Reached skill level 12 in Fighting
 19122 | Lair:4   | Noticed a catoblepas
 19143 | Lair:4   | Noticed a catoblepas
 19154 | Lair:4   | Killed a catoblepas
 19227 | Lair:4   | Killed a catoblepas
 19228 | Lair:4   | Reached XP level 13. HP: 37/118 MP: 16/26
 19230 | Lair:4   | Reached skill level 12 in Dodging
 19921 | Lair:4   | Found a staircase to the Slime Pits.
 20011 | Lair:4   | Reached skill level 7 in Spellcasting
 20349 | Lair:5   | Entered Level 5 of the Lair of Beasts
 20535 | Lair:4   | Reached skill level 13 in Conjurations
 20745 | Lair:4   | Slain by a skyshark

Vanquished Creatures
  4 catoblepae
  A hydra (Lair:2)
  3 two-headed ogres
  A boulder beetle (D:12)
  4 death yaks (Lair:4)
  A skyshark (Lair:2)
  2 manticores (Lair:4)
  Maurice (D:10)
  A merfolk siren (Lair:3)
  2 cyclopes (D:12)
  15 elephants
  5 black mambas
  A gargoyle (D:8)
  10 cane toads
  10 komodo dragons
  3 rime drakes
  A kobold demonologist (D:12)
  2 trolls
  A merfolk (Lair:3)
  A polar bear (Lair:1)
  A hornet (D:7)
  3 blink frogs (Lair:2)
  2 slime creatures (Lair:4)
  A centaur simulacrum (D:12)
  5 wyverns
  45 yaks
  2 shadows
  5 vampire mosquitoes
  Menkaure (D:7)
  2 acid dragons
  9 water moccasins
  6 orc warriors
  A sky beast (D:6)
  A black bear (Lair:2)
  4 ice beasts
  2 elephant zombies (Lair:3)
  5 ogres
  3 centaurs
  6 wolves
  A phantom (D:6)
  A komodo dragon zombie (Lair:3)
  3 kobold brigands (D:9)
  5 gnoll sergeants
  Blork the orc (D:6)
  3 scorpions
  12 bullfrogs
  16 wights
  3 killer bees
  An electric eel (Lair:3)
  5 howler monkeys
  A basilisk zombie (Lair:3)
  3 hounds
  3 jellies
  2 gnoll boudas
  5 orc priests
  4 iguanas
  A sleepcap (D:5)
  Terence (D:2)
  12 orc wizards
  35 gnolls
  6 adders
  A shadow imp (D:6)
  An ufetubus (D:7)
  3 worms
  3 dart slugs
  58 orcs
  4 endoplasms
  9 goblins
  4 hobgoblins
  3 quokkas
  7 ball pythons
  3 bats
  3 frilled lizards
  3 kobolds (D:9)
  5 rats
404 creatures vanquished.

Vanquished Creatures (others)
  An orc wizard (D:8)
  101 fulminant prisms
102 creatures vanquished.

Grand Total: 506 creatures vanquished
